 Dungeon Crawl Stone Soup version 0.30.1-3-gfc49f6343a (webtiles) character file.

Game seed: 16917094557804508732

54 croobank the Magician (level 3, -3/24 HPs)
             Began as a Demonspawn Hedge Wizard on July 22, 2023.
             Killed by divine providence
             ... invoked by an orc priest
              (11 damage)
             ... on level 2 of the Dungeon.
             The game lasted 00:08:29 (2098 turns).

croobank the Magician (Demonspawn Hedge Wizard)     Turns: 2098, Time: 00:08:30

Health: -3/24      AC:  4    Str: 10    XL:     3   Next: 66%
Magic:  0/7        EV: 12    Int: 17    God:
Gold:   66         SH:  0    Dex: 12    Spells: 4/8 levels left

rFire   . . .        a - +0 dagger (vamp)
rCold   . . .        (no shield)
rNeg    . . .        b - +0 robe
rPois   .            c - +0 hat
rElec   .            (no cloak)
rCorr   .            (no gloves)
SInv    .            (no boots)
Will    .....        (no amulet)
Stlth   ++           (no ring)
HPRegen 0.24/turn    (no ring)
MPRegen 0.10/turn

%: no passive effects
@: no status effects
A: icy blue scales 1
a: no special abilities


You were on level 2 of the Dungeon.
You visited 1 branch of the dungeon, and saw 3 of its levels.

You collected 66 gold pieces.

Inventory:

Hand Weapons
 a - a +0 vampiric dagger (weapon)
 d - a +0 short sword
 g - a +0 long sword
Armour
 b - a +0 robe (worn)
 c - a +0 hat (worn)
Scrolls
 h - a scroll of amnesia
 k - a scroll of teleportation
Potions
 l - a potion of brilliance
 n - a potion of flight {unknown}


   Skills:
 + Level 2.2 Dodging
 + Level 2.3 Stealth
 + Level 3.2 Spellcasting
 + Level 1.7 Conjurations
 * Level 2.0 Summonings
 - Level 0.8 Translocations


You had 4 spell levels left.
You knew the following spells:

 Your Spells              Type           Power      Damage    Failure   Level
a - Magic Dart            Conj           32%        1d4       9%          1
b - Call Imp              Summ           18%        N/A       12%         2
c - Slow                  Hex            8%         N/A       17%         1

Your spell library contained the following spells:

 Spells                   Type           Power      Damage    Failure   Level
 Blink                    Tloc           10%        N/A       19%         2
 Cigotuvi's Dreadful Rot  Necr/Pois/Air  4%         N/A       26%         2
 Gell's Gravitas          Tloc           5%         N/A       34%         3
 Teleport Other           Tloc           5%         N/A       34%         3
 Mephitic Cloud           Conj/Pois/Air  4%         N/A       38%         3
 Dispersal                Tloc           2%         N/A       100%        6


Dungeon Overview and Level Annotations

Branches:
Dungeon (3/15)

Altars:
Nemelex Xobeh


Innate Abilities, Weirdness & Mutations

You are partially covered in icy blue scales. (AC +2)


Message History

Aim: an orc priest, wielding a +0 club and wearing a +0 leather armour (heavily wounded, ally target, 100% to hit)
Okay, then.
Casting: Magic Dart (safe; 9% risk of failure)
Confirm with . or Enter, or press ? or * to list all spells.
Aiming: Magic Dart (safe; 9% risk of failure)
Press: ? - help, Shift-Dir - straight line, f/p - orc priest
Aim: an orc priest, wielding a +0 club and wearing a +0 leather armour (heavily wounded, ally target, 100% to hit)
The magic dart hits the orc priest but does no damage.
The orc priest is heavily wounded.
The orc priest invokes the aid of Beogh against you.
Beogh smites you!
Ouch! That really hurt!
* * * LOW HITPOINT WARNING * * *
Your cerulean imp barely misses the orc priest.
You barely miss the orc priest.
The orc priest is heavily wounded.
The orc priest barely misses you.
Your cerulean imp barely misses the orc priest.
You hit the orc priest but do no damage.
The orc priest is heavily wounded.
The orc priest barely misses you.
Your cerulean imp hits the orc priest but does no damage.
Casting: Magic Dart (safe; 9% risk of failure)
Confirm with . or Enter, or press ? or * to list all spells.
Aiming: Magic Dart (safe; 9% risk of failure)
Press: ? - help, Shift-Dir - straight line, f/p - orc priest
Aim: an orc priest, wielding a +0 club and wearing a +0 leather armour (heavily wounded, not watching you, ally target, 100% to hit)
The magic dart hits the orc priest but does no damage.
The orc priest is heavily wounded.
The orc priest barely misses you.
Your cerulean imp closely misses the orc priest.
You hit the orc priest.
The orc priest is severely wounded.
The orc priest misses you.
Your cerulean imp barely misses the orc priest.
You hit the orc priest but do no damage.
The orc priest is severely wounded.
The orc priest mumbles some strange prayers to Beogh against you.
Beogh smites you!
You die...

.<......#####....###....)..##.##.
....###..###.....##.....>........
....# ##.......#.##.########...#.
##### #####...#....# ####.#.#[
###...###.## ###......#.
##..........###...###..#.
#..##...###.....### #....
##†###...#######..# #.... #
#..##....@### #...## ##... #
####.###.##5.o.###.#..# ##..
#####....# #(...##.##..##.#####..
..##.....###..##......###........
#................####..###...##..
##..............## ##..#..####..
##...)......_..## ###.#<## ###
#..............####.....# #.
#..........)........#.### #.


You could see an orc priest (ally target) and a friendly cerulean imp
(summoned).

Vanquished Creatures
  An orc (D:2)
  3 endoplasms
  2 giant cockroaches
  3 goblins
  4 jackals (D:1)
  2 kobolds (D:1)
  A quokka (D:2)
  4 bats
  A frilled lizard (D:2)
  3 rats
24 creatures vanquished.

Vanquished Creatures (collateral kills)
  A gnoll (D:2)
  A dart slug (D:2)
  An endoplasm (D:1)
  2 giant cockroaches (D:1)
  A hobgoblin (D:2)
  2 jackals (D:2)
  A quokka (D:1)
  2 bats (D:2)
  A frilled lizard (D:2)
  A kobold (D:2)
13 creatures vanquished.

Grand Total: 37 creatures vanquished

Notes
Turn   | Place    | Note
-------+----------+-------------------------------------------
     0 | D:1      | croobank the Demonspawn Hedge Wizard began the quest for
                  | the Orb.
     0 | D:1      | Reached XP level 1. HP: 13/13 MP: 4/4
   169 | D:1      | Gained mutation: You are partially covered in icy blue
                  | scales. (AC +2) [demonic ancestry]
   169 | D:1      | Reached XP level 2. HP: 19/19 MP: 3/6
   203 | D:1      | Learned a level 2 spell: Call Imp
   979 | D:2      | Reached XP level 3. HP: 24/24 MP: 1/7
  1255 | D:2      | Found a sparkling altar of Nemelex Xobeh.
  1471 | D:2      | Learned a level 1 spell: Slow
  2091 | D:2      | HP: 1/24 [orc priest/divine providence (12)]
  2098 | D:2      | Killed from afar by an orc priest

Illustrated notes

Levels and vault maps discovered:
D:1:      dpeg_arrival_long_road, layout_rooms, minmay_misc_feat_enclosed,
          serial_bayou_pond_e, grunt_decor_mini_mirrors
D:2:      layout_rooms, basic_altar
D:3:      layout_basic, grunt_temple_overflow_open, gammafunk_ghost_grave,
          ebering_ecumenical_altar_abandoned, minmay_misc_feat_room

Skill      XL: |  1  2  3 |
---------------+----------+-----
Dodging        | 2 |  2.2
Stealth        | 2 |  2.3
Summonings     | 2 |  2.0
Spellcasting   | |  3.2
Conjurations   | |  1.7
Translocations | |  0.8

Action                     || total
---------------------------++-------
  Melee: Dagger            ||    69
   Cast: Magic Dart        ||    51
         Call Imp          ||    15
    Use: Potion            ||     3
         Scroll            ||    11
 Armour: Robe              ||    34
  Dodge: Dodged            ||    69
